 Dungeon Crawl Stone Soup version 0.21.0-3-g78d12a8 (webtiles) character file.

88636 magipi the Grappler (level 15, -4/143 HPs)
             Began as a Troll Hunter on Jan 13, 2018.
             Was the Champion of Okawaru.
             Slain by a naga warrior
             ... wielding a +0 dire flail
              (17 damage)
             ... on level 1 of the Snake Pit.
             The game lasted 01:59:22 (20102 turns).

magipi the Grappler (Troll Hunter)                 Turns: 20102, Time: 01:59:23

Health: -4/143     AC: 14    Str: 24    XL:     15   Next: 47%
Magic:  20/20      EV: 14    Int: 11    God:    Okawaru [******]
Gold:   1659       SH:  0    Dex: 11    Spells: 7/22 levels left

rFire    + . .     SeeInvis .     - Unarmed
rCold    + . .     Gourm    +   (no shield)
rNeg     . . .     Faith    .   W - +1 robe "Zorek" {rPois rF+ rC+ Slay+3}
rPois    +         Spirit   .   u - +1 hat
rElec    .         Reflect  .   Q - +2 cloak {+Inv}
rCorr    .         Harm     .   (gloves unavailable)
MR       +....                  (boots unavailable)
Stlth    +.........             y - amulet of rage
HPRegen  0.73/turn              o - +4 ring of protection
MPRegen  0.17/turn              z - +4 ring of evasion

@: lethally poisoned (-4 -> -4), constricted
A: large, unfitting armour, claws 3, clever 1, clumsy 1, fast metabolism 3,
gourmand, sense surroundings 1, regeneration 1, shaggy fur 1, tough skin 2
a: Heroism, Finesse, Renounce Religion, Evoke Berserk Rage, Evoke Invisibility


You were on level 1 of the Snake Pit.
You worshipped Okawaru.
Okawaru was exalted by your worship.
You were full.

You visited 5 branches of the dungeon, and saw 24 of its levels.
You also visited: Labyrinth.

You collected 2402 gold pieces.
You spent 743 gold pieces at shops.

Inventory:

Hand Weapons
 b - a +0 blowgun
   (You took it off a kobold on level 9 of the Dungeon)
Missiles
 c - 28 large rocks (quivered)
 d - a throwing net
 l - 6 javelins
 G - 92 poisoned needles
Armour
 e - a scarf of repulsion
   (You found it on level 14 of the Dungeon)
 u - a +1 hat (worn)
   (You found it on level 14 of the Dungeon)
 Q - a +2 cloak of invisibility (worn)
   (You found it on level 2 of the Lair of Beasts)
 W - the +1 robe "Zorek" (worn) {rPois rF+ rC+ Slay+3}
   (Okawaru gifted it to you on level 1 of the Orcish Mines)

   It affects your accuracy and damage with ranged weapons and melee attacks
   (+3).
   It protects you from fire.
   It protects you from cold.
   It protects you from poison.
Jewellery
 f - an uncursed ring of protection from fire
   (You found it on level 14 of the Dungeon)
 o - a +4 ring of protection (left claw)
   (You found it on level 6 of the Dungeon)
 y - an amulet of rage (around neck)
   (You found it on level 3 of the Dungeon)
 z - a +4 ring of evasion (right claw)
   (You found it on level 14 of the Dungeon)
 P - an uncursed ring of flight
   (You found it on level 3 of the Lair of Beasts)
Wands
 r - a wand of enslavement (30)
   (You found it on level 2 of the Lair of Beasts)
 E - a wand of acid (3)
   (You bought it in a shop on level 6 of the Dungeon)
 F - a wand of polymorph (8)
   (You bought it in a shop on level 6 of the Dungeon)
 H - a wand of flame (30)
   (You found it on level 9 of the Dungeon)
 T - a wand of digging (10)
   (You found it in a labyrinth)
Scrolls
 h - 12 scrolls of remove curse
 j - 3 scrolls of identify
 k - 4 scrolls of teleportation
 v - a scroll of silence {unknown}
 x - 5 scrolls of enchant weapon
 B - 2 scrolls of fear
 D - 2 scrolls of magic mapping
 I - a scroll of enchant armour
 K - a scroll of blinking
 U - 3 scrolls of fog
 V - a scroll of vulnerability
Potions
 a - 10 potions of curing
 g - 5 potions of flight
 i - 2 potions of brilliance
 n - a potion of magic
 p - a potion of mutation
 s - a potion of cancellation
 w - 4 potions of resistance
 J - 2 potions of might
 O - 3 potions of haste
 R - a potion of agility
 S - 3 potions of lignification
Books
 m - a book of Necromancy
   (You found it on level 5 of the Dungeon)

   Spells                             Type                      Level
   a - Pain                           Necromancy                   1
   b - Animate Skeleton               Necromancy                   1
   c - Vampiric Draining              Necromancy                   3
   d - Regeneration                   Charms/Necromancy            3
   e - Animate Dead                   Necromancy                   4
   f - Borgnjor's Vile Clutch         Necromancy/Earth             5
 q - a book of Dreams
   (You found it in a labyrinth)

   Spells                             Type                      Level
   a - Ensorcelled Hibernation        Hexes/Ice                    2
   b - Borgnjor's Vile Clutch         Necromancy/Earth             5
   c - Silence                        Hexes/Air                    5
   d - Darkness                       Hexes                        6
   e - Shadow Creatures               Summoning                    6
 C - a book of Geomancy
   (You found it on level 7 of the Dungeon)

   Spells                             Type                      Level
   a - Sandblast                      Earth                        1
   b - Passwall                       Transmutation/Earth          2
   c - Stone Arrow                    Conjuration/Earth            3
   d - Petrify                        Transmutation/Earth          4
   e - Lee's Rapid Deconstruction     Earth                        5
 M - a book of Cantrips
   (You found it on level 14 of the Dungeon)

   Spells                             Type                      Level
   a - Confusing Touch                Hexes                        1
   b - Animate Skeleton               Necromancy                   1
   c - Summon Small Mammal            Summoning                    1
   d - Apportation                    Translocation                1
Miscellaneous
 L - a phantom mirror
Comestibles
 N - 43 rations


   Skills:
 + Level 8.3 Fighting
 - Level 8.0 Throwing
 + Level 2.2 Armour
 + Level 7.6 Dodging
 - Level 0.3 Stealth
 - Level 12.0 Unarmed Combat
 - Level 4.0 Spellcasting
 - Level 6.0 Charms
 - Level 8.0 Necromancy
 - Level 5.0 Translocations
 + Level 8.7 Invocations
 + Level 7.2 Evocations


You had 7 spell levels left.
You knew the following spells:

 Your Spells              Type           Power        Failure   Level  Hunger
a - Apportation           Tloc           ##....       3%          1    #......
b - Blink                 Tloc           N/A          4%          2    ##.....
d - Animate Dead          Necr           N/A          9%          4    #####..
e - Animate Skeleton      Necr           N/A          1%          1    #......
l - Summon Lightning Spi  Summ/Air       #.......     93%         4    #####..
r - Regeneration          Chrm/Necr      ###.......   4%          3    ###....


Dungeon Overview and Level Annotations

Branches:
Dungeon (14/15)            Temple (1/1) D:6            Lair (6/6) D:8
 Shoals (0/4) Lair:2        Snake (1/4) Lair:4        Slime (0/5) Lair:6
    Orc (2/2) D:9             Elf (0/3) Orc:2        Vaults (0/5) D:14

Altars:
Ashenzari
Cheibriados
Dithmenos
Elyvilon
Fedhas
Gozag
Hepliaklqana
Kikubaaqudgha
Makhleb
Nemelex Xobeh
Okawaru
Qazlal
Ru
Sif Muna
Trog
Uskayaw
Vehumet
Wu Jian
Xom
Yredelemnul
Zin
The Shining One
Beogh

Shops:
D:6 *   D:10 :   D:12 [   Orc:2 :[!%

Portals:
Pandemonium: Orc:2

Annotations:
Lair:3 exclusion: 3 doors
Lair:4 exclusion: 2 oklob plants


Innate Abilities, Weirdness & Mutations

You are too large for most types of armour.
You have claws for hands.
Your metabolism is lightning-fast.
You like to eat raw meat.
Your natural rate of healing is unusually fast.
You are covered in fur. (AC +1)
You have very tough skin. (AC +2)
Your mind is acute. (Int +2)
You are clumsy. (Dex -2)
You passively map a small area around you.


Message History

You feel sick.
Unknown command.
You scratch the naga warrior. You claw the naga warrior!
You kill the naga warrior!
Okawaru accepts your kill.
Unknown command.
You feel sick. The naga warrior misses you. The naga warrior barely misses you.
Things that are here:
an uncursed shortbow; an uncursed short sword; 15 arrows You eviscerate the naga warrior!!!
The naga warrior is heavily wounded.
The naga warrior barely misses you. The naga warrior grabs you.
The naga warrior constricts you.
Unknown command.
You claw the naga warrior! x2
The naga warrior is severely wounded.
You feel sick.
You barely miss the naga warrior.
The naga warrior is severely wounded.
The naga warrior spits poison at you. The splash of poison hits you!
You are more poisoned.
You resist. The naga warrior constricts you.
Unknown command.
You mangle the naga warrior!!
The naga warrior is almost dead.
You feel like a meek peon again.
You feel sick. The naga warrior hits you with a mace!
The naga warrior constricts you.
You closely miss the naga warrior.
The naga warrior is almost dead.
You feel sick.
Unknown command.
You scratch the naga warrior.
The naga warrior is almost dead.
You feel sick. The naga warrior hits you with a mace!
The naga warrior constricts you.
A naga warrior comes into view. It is wielding a dire flail.
You claw the naga warrior!
You kill the naga warrior!
Okawaru accepts your kill.
Unknown command.
Throwing (i - inventory. (,) - cycle):
c - 30 large rocks (quivered)
Press: ? - help, Shift-Dir - straight line, f - naga warrior
Aim: a naga warrior, wielding a dire flail You throw a large rock.
The large rock hits the naga warrior!
The naga warrior is lightly wounded.
You feel sick.
Unknown command.
Throwing (i - inventory. (,) - cycle):
c - 29 large rocks (quivered)
Press: ? - help, Shift-Dir - straight line, f/p - naga warrior
Aim: a naga warrior, wielding a dire flail (lightly wounded)
You throw a large rock. The large rock hits the naga warrior!!!
The naga warrior is heavily wounded.
You feel sick.
The naga warrior hits you with a dire flail!!
* * * LOW HITPOINT WARNING * * *
The naga warrior grabs you. The naga warrior constricts you.
The naga warrior hits you with a dire flail!!
* * * LOW HITPOINT WARNING * * *
* * * LOW HITPOINT WARNING * * *
The naga warrior constricts you.
You feel much better.
You feel sick. The naga warrior spits poison at you.
The splash of poison misses you.
* * * LOW HITPOINT WARNING * * *
The naga warrior constricts you.
Unknown command.
You claw the naga warrior! Your claw misses the naga warrior.
The naga warrior is heavily wounded.
Unknown command.
You closely miss the naga warrior.
The naga warrior is heavily wounded.
You feel sick. The naga warrior spits poison at you.
The splash of poison hits you! You resist.
* * * LOW HITPOINT WARNING * * *
The naga warrior constricts you.
Unknown command.
You mangle the naga warrior!!
The naga warrior is almost dead.
The naga warrior hits you with a dire flail!
* * * LOW HITPOINT WARNING * * *
* * * LOW HITPOINT WARNING * * *
The naga warrior constricts you.
You feel much better.
You feel sick.
The naga warrior hits you with a dire flail!!
* * * LOW HITPOINT WARNING * * *
* * * LOW HITPOINT WARNING * * *
The naga warrior constricts you.
You feel much better.
The naga warrior hits you with a dire flail!
* * * LOW HITPOINT WARNING * * *
* * * LOW HITPOINT WARNING * * *
The naga warrior constricts you.
You closely miss the naga warrior.
The naga warrior is almost dead.
You feel sick.
The naga warrior hits you with a dire flail!
You die...

..., ########.,,
#..........#........
#..........#......# .
#..........#......#,..
#..........#......#...,
#...............N...N.
#........##..........
#.....).#)..)<...#
#.....@N#.#####..#
##....(.(.# .# **
##....(#### * .. *
#.....)(# * #.
#.......# # #..[....#
##.....## ##...## ####


You could see a naga warrior.

Vanquished Creatures
  Rupert (Lair:5)
  Kirke (Lair:4)
  Nessos (Lair:5)
  A minotaur (Lab)
  2 naga warriors (Snake:1)
  6 hydras
  3 centaur warriors
  2 dancing weapons (D:14)
  2 death yaks (Lair:5)
  Erica (D:8)
  A tengu warrior (D:14)
  8 two-headed ogres
  A naga sharpshooter (Snake:1)
  6 orc high priests
  A sixfirhy (Orc:1)
  2 unseen horrors
  A torturous demonspawn (Orc:2)
  An infernal demonspawn (Orc:2)
  5 orc knights
  6 orc sorcerers (Orc:2)
  2 manticores
  6 ugly things
  2 cyclopes
  7 black mambas
  3 centaur zombies
  4 elephants (Lair:6)
  A smoke demon (Orc:2)
  16 spiny frogs
  A naga mage (Snake:1)
  2 orange demons
  A rime drake (Lair:4)
  2 efreet (D:14)
  7 komodo dragons
  An ice devil (Orc:1)
  8 polar bears
  3 merfolk (Lair:2)
  3 trolls
  5 hornets
  13 slime creatures (D:12)
  Prince Ribbit (Lair:2)
  A blink frog (Lair:6)
  2 hippogriffs
  14 dream sheep
  14 spriggans
  A shadow (D:12)
  A fire elemental (D:14)
  3 wyverns
  32 yaks
  A wraith (D:14)
  2 hungry ghosts
  A steam dragon (D:13)
  A neqoxec (Orc:2)
  5 vampire mosquitoes (D:14)
  A warg (Orc:1)
  A soldier ant (D:13)
  2 acid dragons (D:14)
  5 nagas
  Edmund (D:6)
  10 water moccasins
  7 ice beasts
  3 porcupines (Lair:1)
  28 orc warriors
  4 black bears
  A sky beast (D:14)
  8 ogres
  3 phantoms
  28 wolves
  A boggart (Lair:5)
  8 centaurs
  11 crocodiles
  7 big kobolds
  17 bullfrogs
  A gnoll sergeant (D:11)
  8 scorpions
  14 wights
  4 electric eels
  8 howler monkeys
  5 crimson imps
  2 bullfrog zombies (D:11)
  4 lava snakes (Lab)
  9 hounds
  7 jellies
  25 orc priests
  12 orc wizards
  4 bullfrog skeletons
  4 centaur skeletons
  2 iguanas
  Natasha (thrice) (D:4 D:5)
  10 worker ants
  A hound zombie (D:6)
  2 worker ant zombies
  10 gnolls
  10 adders
  2 hound simulacra (D:9)
  A shadow imp (D:5)
  4 white imps
  5 oozes
  An adder skeleton (D:4)
  5 worms (D:3)
  2 dart slugs
  9 leopard geckos
  76 orcs
  8 giant cockroaches
  7 goblins
  8 hobgoblins
  15 jackals
  4 quokkas
  A ball python (D:2)
  15 bats
  3 frilled lizards
  25 kobolds
  A leopard gecko skeleton (D:4)
  A quokka skeleton (D:8)
  A quokka zombie (D:4)
  7 rats
  A fungus (Lair:4)
711 creatures vanquished.

Vanquished Creatures (collateral kills)
  A catoblepas (Lair:2)
  An unseen horror (D:14)
  A deep elf mage (D:14)
  An orc sorcerer (Orc:1)
  An elephant (Lair:6)
  A black mamba (Lair:5)
  6 spiny frogs
  A komodo dragon (Lair:2)
  A polar bear (Lair:6)
  A hornet (D:14)
  A hippogriff (Lair:6)
  3 blink frogs (Lair:2)
  A slime creature (D:12)
  A dream sheep (Lair:6)
  9 yaks
  A basilisk (Lair:6)
  A wyvern (Lair:2)
  2 hungry ghosts (D:14)
  An acid dragon (D:14)
  A water moccasin (Lair:6)
  An orc warrior (D:13)
  An ogre (D:14)
  A centaur (D:12)
  3 wolves
  2 crocodiles
  A bullfrog (Lair:4)
  2 orc priests (Orc:1)
  An orc wizard (Orc:1)
  An ooze (Lair:6)
  6 orcs
  A bat (Orc:1)
  2 fungi (Lair:6)
  3 plants (Lair:6)
61 creatures vanquished.

Vanquished Creatures (others)
  4 humans (Lair:5)
  2 water moccasins (Lair:5)
  A porcupine (Lair:5)
  13 fungi
  6 plants
26 creatures vanquished.

Grand Total: 798 creatures vanquished

Notes
Turn   | Place    | Note
-------+----------+-------------------------------------------
     0 | D:1      | magipi the Troll Hunter began the quest for the Orb.
     0 | D:1      | Reached XP level 1. HP: 19/19 MP: 0/0
    78 | D:1      | Reached skill level 1 in Unarmed Combat
   182 | D:1      | Reached XP level 2. HP: 23/27 MP: 1/1
   629 | D:1      | Reached skill level 2 in Unarmed Combat
   683 | D:2      | Noticed a phantom
   786 | D:2      | Reached XP level 3. HP: 33/33 MP: 2/2
  1026 | D:2      | Reached skill level 3 in Unarmed Combat
  1026 | D:2      | Reached XP level 4. HP: 41/41 MP: 3/3
  1350 | D:3      | Reached XP level 5. HP: 20/48 MP: 4/4
  1442 | D:3      | Reached skill level 4 in Unarmed Combat
  2021 | D:4      | Noticed a phantom
  2027 | D:3      | Reached skill level 5 in Unarmed Combat
  2027 | D:3      | Reached XP level 6. HP: 50/55 MP: 5/5
  2046 | D:4      | Reached skill level 5 in Throwing
  2506 | D:4      | Reached skill level 6 in Unarmed Combat
  2506 | D:4      | Reached XP level 7. HP: 62/62 MP: 6/6
  2520 | D:4      | Noticed Natasha
  2529 | D:4      | Killed Natasha
  2811 | D:4      | Noticed Natasha
  2834 | D:5      | Entered Level 5 of the Dungeon
  2837 | D:5      | Killed Natasha
  2907 | D:5      | Noticed Natasha
  2928 | D:5      | Killed Natasha
  3052 | D:5      | Reached skill level 7 in Unarmed Combat
  3132 | D:5      | Learned a level 1 spell: Animate Skeleton
  3301 | D:6      | Reached XP level 8. HP: 70/70 MP: 7/7
  3306 | D:6      | Reached skill level 1 in Necromancy
  3492 | D:6      | Reached skill level 1 in Spellcasting
  3580 | D:6      | Found a staircase to the Ecumenical Temple.
  3597 | Temple   | Entered the Ecumenical Temple
  3638 | Temple   | Became a worshipper of Warmaster Okawaru
  3795 | D:6      | Reached skill level 8 in Unarmed Combat
  3879 | D:6      | Identified the Compendium of Cloudy Creation
  3891 | D:6      | Noticed Edmund
  3894 | D:6      | Killed Edmund
  4009 | D:6      | Found Wout Kiu's Assorted Antiques.
  4017 | D:6      | Bought a cyan potion for 18 gold pieces
  4017 | D:6      | Bought a sapphire potion for 18 gold pieces
  4017 | D:6      | Bought a scroll labeled NAFOKKE JOHIE for 20 gold pieces
  4017 | D:6      | Bought a scroll labeled YMMEANIQOSO for 20 gold pieces
  4017 | D:6      | Bought an encrusted bronze wand for 80 gold pieces
  4017 | D:6      | Bought a tapered copper wand for 80 gold pieces
  4042 | D:6      | Reached * piety under Okawaru
  4217 | D:7      | Found a basalt altar of Yredelemnul.
  4223 | D:6      | Reached XP level 9. HP: 71/76 MP: 10/10
  4237 | D:7      | Found the +15 Maxwell's patent armour {-Cast -Tele rElec MR+ rCorr}
  4836 | D:8      | Noticed Erica
  4852 | D:8      | Killed Erica
  4852 | D:8      | Reached ** piety under Okawaru
  4852 | D:8      | Reached skill level 9 in Unarmed Combat
  5201 | D:8      | Reached skill level 5 in Necromancy
  5291 | D:8      | Reached *** piety under Okawaru
  5291 | D:8      | Reached XP level 10. HP: 76/85 MP: 11/13
  5293 | D:8      | Reached skill level 10 in Unarmed Combat
  5332 | D:8      | Noticed a three-headed hydra
  5336 | D:8      | Killed a three-headed hydra
  5414 | D:8      | Reached **** piety under Okawaru
  5414 | D:8      | Received a gift from Okawaru
  5569 | D:8      | Found a staircase to the Lair.
  5916 | D:9      | Found a staircase to the Orcish Mines.
  6117 | D:9      | Noticed a two-headed ogre
  6120 | D:9      | Killed a two-headed ogre
  6120 | D:9      | Received a gift from Okawaru
  6120 | D:9      | Reached skill level 11 in Unarmed Combat
  6504 | D:9      | Learned a level 4 spell: Animate Dead
  6509 | D:9      | Learned a level 4 spell: Summon Lightning Spire
  6513 | D:9      | Learned a level 3 spell: Regeneration
  6516 | D:9      | Learned a level 2 spell: Blink
  6576 | D:9      | Received a gift from Okawaru
  6664 | D:9      | Reached XP level 11. HP: 68/96 MP: 16/16
  6823 | D:10     | Entered Level 10 of the Dungeon
  6881 | D:10     | Found Ynkud's Book Shoppe.
  7226 | D:10     | Reached skill level 1 in Translocations
  7266 | D:10     | Reached ***** piety under Okawaru
  7266 | D:10     | Reached skill level 1 in Charms
  7582 | D:11     | Noticed an eight-headed hydra
  7602 | D:11     | Killed an eight-headed hydra
  7602 | D:11     | Received a gift from Okawaru
  7659 | D:11     | Reached skill level 12 in Unarmed Combat
  7696 | D:11     | Noticed a white ugly thing
  7715 | D:11     | Killed a white ugly thing
  8095 | D:11     | Noticed a two-headed ogre
  8204 | D:11     | Received a gift from Okawaru
  8268 | D:11     | Noticed a cyan ugly thing
  8276 | D:11     | Killed a cyan ugly thing
  8369 | D:11     | Killed a two-headed ogre
  8369 | D:11     | Received a gift from Okawaru
  8462 | Lair:1   | Entered Level 1 of the Lair of Beasts
  8483 | Lair:1   | Received a gift from Okawaru
  8549 | Lair:1   | Identified the +2 robe of the Thoughtful Runes {rElec rPois Str+8 Stlth-} (You found it on level 1 of the Lair of Beasts)
  8665 | Lair:1   | Reached XP level 12. HP: 108/110 MP: 17/17
  8810 | Lair:1   | Received a gift from Okawaru
  8811 | Lair:1   | Reached skill level 5 in Fighting
  9305 | Lair:2   | Received a gift from Okawaru
  9310 | Lair:2   | Reached ****** piety under Okawaru
  9333 | Lair:2   | Got a slimy robe {god gift}
  9344 | Lair:2   | Identified the +5 robe of the Bull {rC+ Regen+} (Okawaru gifted it to you on level 2 of the Lair of Beasts)
  9357 | Lair:2   | Noticed a catoblepas
  9574 | Lair:2   | Found a staircase to the Shoals.
  9712 | Lair:2   | Killed a catoblepas
  9837 | Lair:2   | Noticed Prince Ribbit
  9870 | Lair:2   | Killed Prince Ribbit
  9870 | Lair:2   | Reached skill level 5 in Translocations
 10352 | Lair:3   | Noticed a seven-headed hydra
 10361 | Lair:3   | Killed a seven-headed hydra
 10361 | Lair:3   | Received a gift from Okawaru
 10362 | Lair:3   | Found the +4 skin of Zhor {rC+++}
 10428 | Lair:3   | Reached skill level 1 in Invocations
 10496 | Lair:3   | Reached skill level 1 in Evocations
 10849 | Lair:4   | Found a staircase to the Snake Pit.
 10891 | Lair:4   | Reached XP level 13. HP: 123/123 MP: 18/18
 11021 | Lair:4   | Reached skill level 5 in Charms
 11084 | Lair:5   | Noticed Kirke
 11096 | Lair:4   | Killed Kirke
 11138 | Lair:5   | Noticed Rupert
 11139 | Lair:5   | Noticed Nessos
 11271 | Lair:5   | Killed Nessos
 11459 | Lair:5   | Found a labyrinth entrance.
 11462 | Lab      | Entered a labyrinth
 11833 | Lab      | Noticed a minotaur
 11850 | Lab      | Killed a minotaur
 12061 | Lair:5   | Paralysed by Rupert for 2 turns
 12064 | Lair:5   | Killed Rupert
 12064 | Lair:5   | Received a gift from Okawaru
 12375 | Lair:6   | Entered Level 6 of the Lair of Beasts
 12626 | Lair:6   | Found a staircase to the Slime Pits.
 12988 | Lair:6   | Reached skill level 5 in Invocations
 12997 | Lair:6   | Received a gift from Okawaru
 13067 | Lair:6   | Reached XP level 14. HP: 87/133 MP: 19/19
 13351 | Lair:5   | Paralysed by a hornet for 3 turns
 13358 | Lair:5   | HP: 6/133 [spriggan/short sword (16)]
 14315 | Orc:1    | Entered Level 1 of the Orcish Mines
 14700 | Orc:1    | Reached skill level 5 in Dodging
 14700 | Orc:1    | Reached skill level 5 in Evocations
 14797 | Orc:2    | Entered Level 2 of the Orcish Mines
 14819 | Orc:1    | Received a gift from Okawaru
 14892 | Orc:1    | Got a brightly glowing robe {god gift}
 14896 | Orc:1    | Identified the +1 robe "Zorek" {rPois rF+ rC+ Slay+3} (Okawaru gifted it to you on level 1 of the Orcish Mines)
 14946 | Orc:2    | Found a staircase to the Elven Halls.
 15067 | Orc:2    | Found a roughly hewn altar of Beogh.
 15667 | Orc:2    | Found Cirris Yzak's Distillery.
 15669 | Orc:2    | Found Nuthraud's Food Emporium.
 15928 | Orc:2    | Bought a potion of haste for 130 gold pieces
 15928 | Orc:2    | Bought a potion of curing for 39 gold pieces
 15928 | Orc:2    | Bought a potion of curing for 39 gold pieces
 15928 | Orc:2    | Bought a potion of heal wounds for 65 gold pieces
 15928 | Orc:2    | Bought a potion of heal wounds for 65 gold pieces
 15928 | Orc:2    | Bought a potion of heal wounds for 65 gold pieces
 15928 | Orc:2    | Bought a potion of might for 52 gold pieces
 15928 | Orc:2    | Bought a potion of agility for 52 gold pieces
 16416 | Orc:2    | Gained mutation: You are frail. (-10% HP) [a neqoxec]
 16430 | Orc:2    | Lost mutation: You are frail. (-10% HP) [potion of mutation]
 16430 | Orc:2    | Gained mutation: Your mind is acute. (Int +2) [potion of mutation]
 16430 | Orc:2    | Gained mutation: You are clumsy. (Dex -2) [potion of mutation]
 16430 | Orc:2    | Gained mutation: You passively map a small area around you. [potion of mutation]
 16657 | Orc:2    | Found Imel's Book Shop.
 16657 | Orc:2    | Found a one-way gate leading to the halls of Pandemonium.
 16657 | Orc:2    | Found Nufoicw's Antique Armour Boutique.
 17502 | D:12     | Received a gift from Okawaru
 17507 | D:12     | Identified the +1 robe of Pragmatism {Dex+3} (Okawaru gifted it to you on level 12 of the Dungeon)
 17544 | D:12     | Found Jiaxomp's Antique Armour Boutique.
 18312 | D:13     | Reached XP level 15. HP: 123/141 MP: 20/20
 18947 | D:14     | Found a gate to the Vaults.
 19302 | D:14     | Reached skill level 1 in Armour
 19791 | D:14     | Learned a level 1 spell: Apportation
 19967 | D:8      | Received a gift from Okawaru
 20041 | Snake:1  | Entered Level 1 of the Snake Pit
 20099 | Snake:1  | HP: 7/143 [naga warrior/dire flail (14)]
 20099 | Snake:1  | HP: 1/143 [naga warrior/dire flail (6)]
 20102 | Snake:1  | Slain by a naga warrior

Skill      XL: |  1  2  3  4  5  6  7  8  9 10 11 12 13 14 15 |
---------------+----------------------------------------------+-----
Unarmed Combat | 1 2 3 5 6 7 8 9 11 12 | 12.0
Throwing       | 4 5 6 7 8 |  8.0
Necromancy     | 3 5 6 7 8 |  8.0
Spellcasting   | 1 2 4 |  4.0
Fighting       | 2 4 6 7 8 |  8.3
Translocations | 3 5 |  5.0
Charms         | 3 4 6 |  6.0
Invocations    | 1 5 8 |  8.7
Evocations     | 1 4 6 7 |  7.2
Dodging        | 4 6 7 |  7.6
Armour         | 2 |  2.2
Stealth        | |  0.3

Action                   |  1- 3 |  4- 6 |  7- 9 | 10-12 | 13-15 || total
-------------------------+-------+-------+-------+-------+-------++-------
Melee: Short sword       |    40 |       |       |       |       ||    40
       Unarmed           |   102 |   176 |   253 |   691 |  1081 ||  2303
       Punch             |       |     5 |    13 |    42 |    74 ||   134
Throw: Large rock        |       |     1 |    10 |    27 |    41 ||    79
       Throwing net      |       |       |       |     1 |       ||     1
 Cast: Animate Skeleton  |       |       |       |    16 |    63 ||    79
       Animate Dead      |       |       |       |     9 |    35 ||    44
       Regeneration      |       |       |       |       |     5 ||     5
Invok: Heroism           |       |       |       |     1 |    16 ||    17
       Finesse           |       |       |       |       |     2 ||     2
 Abil: Evoke Berserk Rag |       |       |       |     3 |     4 ||     7
Evoke: Wand              |       |       |       |     9 |    31 ||    40
  Use: Scroll            |       |    16 |     9 |     4 |    11 ||    40
       Potion            |       |       |     3 |     2 |     9 ||    14
 Stab: Sleeping          |     2 |     1 |     3 |     1 |     1 ||     8
       Distracted        |       |     1 |       |       |     8 ||     9
       Petrified         |       |       |       |     6 |       ||     6
  Eat: Chunk             |    15 |    14 |    26 |    58 |   106 ||   219
Armor: Robe              |    61 |    36 |    82 |   229 |   383 ||   791
Dodge: Dodged            |   100 |    79 |   116 |   342 |   642 ||  1279

Action                   |  1- 3 |  4- 6 |  7- 9 | 10-12 | 13-15 || total
-------------------------+-------+-------+-------+-------+-------++-------
Melee: Short sword       |    40 |       |       |       |       ||    40
       Unarmed           |   102 |   176 |   253 |   691 |  1081 ||  2303
       Punch             |       |     5 |    13 |    42 |    74 ||   134
Throw: Large rock        |       |     1 |    10 |    27 |    41 ||    79
       Throwing net      |       |       |       |     1 |       ||     1
 Cast: Animate Skeleton  |       |       |       |    16 |    63 ||    79
       Animate Dead      |       |       |       |     9 |    35 ||    44
       Regeneration      |       |       |       |       |     5 ||     5
Invok: Heroism           |       |       |       |     1 |    16 ||    17
       Finesse           |       |       |       |       |     2 ||     2
 Abil: Evoke Berserk Rag |       |       |       |     3 |     4 ||     7
Evoke: Wand              |       |       |       |     9 |    31 ||    40
  Use: Scroll            |       |    16 |     9 |     4 |    11 ||    40
       Potion            |       |       |     3 |     2 |     9 ||    14
 Stab: Sleeping          |     2 |     1 |     3 |     1 |     1 ||     8
       Distracted        |       |     1 |       |       |     8 ||     9
       Petrified         |       |       |       |     6 |       ||     6
  Eat: Chunk             |    15 |    14 |    26 |    58 |   106 ||   219
Armor: Robe              |    61 |    36 |    82 |   229 |   383 ||   791
Dodge: Dodged            |   100 |    79 |   116 |   342 |   642 ||  1279
